Map: Ruins of Seras

Players

Harstem - Winner!

  • Race: Protoss Protoss

Shura (Scarlett)

  • Race: Zerg Zerg
  • League: Grandmaster

Event: Harstem vs Scarlett (matcherino)

VOD

https://www.youtube.com/watch?v=WgmovkfO3b0

Description

Time

  • Played on: Nov. 23, 2015, 12:20 p.m.
  • Length: 16:59

All games in this series

Show
View Real Time Build Order
Export as new Build Order

Harstem Protoss - Winner!

Build Orders: 1 Gate Expand 

Get SALT Encoding   

  12  0:01  Probe (Chrono Boost)  
  13  0:11  Probe (Chrono Boost)  
  14  0:19  Pylon  
  14  0:24  Probe (Chrono Boost)  
  15  0:37  Probe (Chrono Boost)  
  15  0:39  Gateway  
  16  0:48  Probe (Chrono Boost)  
  17  0:52  Assimilator  
  17  0:58  Probe (Chrono Boost)  
  18  1:09  Probe (Chrono Boost)  
  19  1:23  Nexus  
  19  1:26  Probe (Chrono Boost)  
  20  1:38  Cybernetics Core  
  20  1:39  Probe (Chrono Boost)  
  21  1:45  Assimilator  
  21  1:50  Probe (Chrono Boost)  
  22  1:54  Pylon  
  22  2:00  Probe (Chrono Boost)  
  23  2:12  Probe (Chrono Boost)  
  23  2:14  Adept (Chrono Boost)  
  23  2:15  Warp Gate  
  26  2:25  Robotics Facility  
  26  2:27  Probe  
  27  2:38  Probe  
  27  2:39  Probe  
  27  2:43  Adept (Chrono Boost)  
  31  2:48  Probe  
  32  2:54  Probe  
  33  2:59  Probe (Chrono Boost)  
  34  3:06  Probe (Chrono Boost)  
  34  3:11  Probe (Chrono Boost)  
  36  3:17  Probe (Chrono Boost)  
  36  3:19  Robotics Bay  
  37  3:20  Probe (Chrono Boost)  
  37  3:25  Warp Prism (Chrono Boost)  
  40  3:27  Probe  
  40  3:30  Probe (Chrono Boost)  
  42  3:37  Pylon  
  42  3:39  Probe (Chrono Boost)  
  43  3:42  Probe (Chrono Boost)  
  44  3:51  Mothership Core (Chrono Boost)  
  46  3:56  Gateway  
  46  3:58  Gateway  
  46  4:01  Pylon  
  46  4:06  Disruptor (Chrono Boost)  
  49  4:16  Nexus  
  49  4:18  Pylon  
  49  4:24  Pylon  
  49  4:25  Adept  
  49  4:30  Gateway  
  51  4:38  Disruptor (Chrono Boost)  
  55  4:45  Probe  
  55  4:46  Gateway  
  55  4:50  Gateway  
  55  4:52  Adept  
  55  4:56  Adept x2  
  61  5:00  Probe  
  61  5:01  Probe  
  63  5:07  Assimilator  
  63  5:10  Probe  
  63  5:11  Assimilator  
  64  5:19  Probe (Chrono Boost)  
  64  5:20  Adept x2  
  64  5:21  Adept  
  71  5:24  Probe (Chrono Boost)  
  71  5:28  Probe (Chrono Boost)  
  73  5:31  Probe (Chrono Boost)  
  75  5:35  Probe (Chrono Boost)  
  75  5:38  Probe (Chrono Boost)  
  75  5:41  Probe (Chrono Boost)  
  77  5:47  Adept x3  
  77  5:48  Adept x2  
  69  6:04  Adept  
  69  6:08  Adept x4  
  77  6:13  Adept  
  77  6:15  Probe x2 (Chrono Boost)  
  73  6:24  Probe (Chrono Boost)  
  73  6:25  Probe (Chrono Boost)  
  67  6:26  Probe (Chrono Boost), Disruptor (Chrono Boost)  
  67  6:28  Adept x2  
  67  6:29  Adept x2  
  76  6:34  Probe  
  76  6:36  Probe  
  76  6:37  Probe  
  76  6:38  Sentry x2  
  78  6:40  Pylon  
  78  6:44  Probe  
  78  6:45  Forge  
  75  6:47  Pylon  
  75  6:48  Probe  
  75  6:54  Sentry x4  
  80  6:55  Probe  
  80  6:57  Probe, Pylon x2  
  80  6:59  Probe  
  87  7:07  Disruptor (Chrono Boost)  
  87  7:08  Adept  
  92  7:09  Probe  
  92  7:11  Adept  
  92  7:13  Assimilator  
  92  7:14  Probe x2  
  96  7:17  Pylon, Assimilator  
  96  7:19  Adept  
  96  7:22  Adept x2  
  103  7:28  Adept x2  
  103  7:29  Probe  
  108  7:31  Protoss Ground Weapons Level 1  
  108  7:35  Probe  
  109  7:40  Stalker x2  
  113  7:45  Warp Prism (Chrono Boost)  
  113  7:46  Stalker  
  113  7:50  Stalker  
  119  7:51  Adept x2  
  105  8:13  Stalker x4  
  105  8:14  Stalker x2  
  107  8:22  Probe  
  107  8:24  Probe  
  107  8:25  Pylon  
  105  8:27  Observer (Chrono Boost)  
  105  8:32  Photon Cannon  
  105  8:33  Gateway  
  107  8:34  Gateway  
  107  8:37  Pylon  
  106  8:45  Adept x4  
  106  8:47  Sentry x2, Nexus  
  96  9:05  Disruptor (Chrono Boost)  
  96  9:07  Adept x4  
  99  9:12  Probe  
  99  9:13  Probe  
  99  9:16  Probe  
  101  9:18  Twilight Council  
  101  9:19  Pylon  
  101  9:23  Probe  
  102  9:24  Twilight Council  
  102  9:25  Probe  
  102  9:27  Probe  
  105  9:32  Sentry x3, Adept x4  
  105  9:34  Probe  
  105  9:37  Probe x2  
  121  9:39  Disruptor (Chrono Boost)  
  125  9:47  Stalker  
  125  9:51  Photon Cannon  
  127  9:58  Adept  
  127  9:59  Stalker, Adept x3  
  137  10:05  Sentry, Adept  
  137  10:06  Photon Cannon  
  141  10:16  Resonating Glaives, Protoss Ground Weapons Level 2  
  141  10:17  Stalker  
  143  10:24  Adept x4  
  143  10:25  Adept  
  149  10:30  Disruptor (Chrono Boost)  
  149  10:33  Probe  
  149  10:34  Probe  
  154  10:36  Assimilator  
  154  10:38  Stalker x2, Pylon  
  154  10:41  Assimilator  
  158  10:46  Pylon  
  158  10:49  Stalker x3  
  164  10:50  Stalker x3  
  154  11:05  Stalker x2  
  154  11:08  Probe  
  154  11:09  Probe  
  160  11:13  Robotics Facility  
  160  11:15  Disruptor (Chrono Boost), Pylon  
  160  11:17  Adept x4  
  171  11:22  Adept x2  
  175  11:35  Adept x2  
  179  11:44  Stalker x3  
  179  11:45  Stalker x3  
  185  11:56  Blink  
  185  12:00  Stalker x2  
  189  12:01  Probe  
  189  12:02  Dark Shrine  
  184  12:11  Disruptor (Chrono Boost)  
  187  12:19  Adept x4  
  195  12:42  Adept x4  
  191  13:05  Adept x2  
  195  13:09  Probe  
  195  13:10  Pylon  
  195  13:11  Pylon  
  188  13:28  Dark Templar x2  
  188  13:29  Dark Templar x6  
  188  14:07  Stalker x6  
  200  14:15  Immortal (Chrono Boost)  
  200  14:20  Immortal (Chrono Boost)  
  190  14:46  Probe  
  190  14:49  Immortal (Chrono Boost), Nexus  
  190  14:51  Robotics Facility  
  190  14:52  Pylon  
  177  14:53  Adept x5  
  177  14:54  Adept x3, Assimilator  
  177  14:55  Probe  
  177  14:58  Templar Archives  
  196  15:00  Immortal (Chrono Boost)  
  194  15:23  Immortal (Chrono Boost)  
  178  15:49  Pylon  
  174  15:51  Stalker x8, Assimilator  
  174  15:52  Nexus, Assimilator  
  196  15:58  Immortal (Chrono Boost)  
  196  15:59  Immortal (Chrono Boost)  
  173  16:17  Stalker  
  173  16:18  Stalker x7  
  167  16:24  Stargate  
  167  16:25  Stargate  
  171  16:28  Stargate  
  171  16:30  Assimilator  
  175  16:32  Photon Cannon  
  175  16:34  Photon Cannon  
Show
View Real Time Build Order
Export as new Build Order

Shura Zerg 

Build Orders: Hatch First, Lurkers 

Get SALT Encoding   

  12  0:01  Drone  
  13  0:13  Overlord  
  13  0:18  Drone  
  14  0:31  Drone x2  
  16  0:38  Drone  
  17  0:46  Drone  
  18  0:57  Hatchery  
  18  0:58  Drone  
  18  1:08  Drone  
  19  1:18  Spawning Pool  
  19  1:19  Drone  
  19  1:29  Drone  
  20  1:43  Hatchery  
  20  1:44  Drone  
  20  1:52  Drone  
  21  2:05  Zergling x2  
  21  2:08  Queen x2  
  22  2:10  Drone  
  27  2:16  Overlord  
  27  2:20  Drone  
  28  2:35  Drone x3  
  31  2:43  Overlord  
  31  2:44  Queen  
  31  2:45  Queen  
  31  2:47  Drone  
  36  3:01  Drone x2, Queen  
  40  3:09  Drone x2, Extractor  
  40  3:10  Extractor  
  40  3:12  Extractor  
  39  3:14  Zergling x2  
  39  3:15  Drone  
  42  3:20  Zergling x2  
  42  3:21  Drone x5  
  47  3:30  Drone  
  48  3:37  Drone x2  
  48  3:39  Overlord x2  
  50  3:45  Overlord  
  50  3:50  Lair  
  50  3:54  Overlord  
  50  3:57  Drone  
  50  3:58  Drone x3  
  55  4:02  Drone  
  55  4:03  Drone  
  55  4:07  Evolution Chamber  
  55  4:09  Evolution Chamber  
  54  4:11  Drone  
  54  4:14  Drone  
  54  4:15  Drone  
  57  4:22  Drone  
  57  4:23  Drone  
  59  4:24  Drone  
  59  4:25  Drone x3  
  63  4:32  Drone  
  63  4:33  Drone x3  
  63  4:38  Zerg Missile Weapons Level 1  
  67  4:40  Zerg Ground Armor Level 1  
  67  4:41  Drone  
  67  4:43  Metabolic Boost  
  68  4:49  Drone  
  68  4:51  Drone x2, Hydralisk Den  
  70  4:53  Drone  
  70  4:54  Extractor  
  70  4:57  Zergling x6  
  70  4:58  Drone  
  70  4:59  Drone  
  75  5:08  Drone  
  75  5:09  Drone x6  
  75  5:13  Overlord  
  82  5:20  Lurker Den  
  82  5:25  Overlord x5  
  82  5:34  Extractor  
  82  5:35  Extractor  
  80  5:40  Spire  
  79  5:43  Hatchery  
  79  5:44  Hydralisk  
  79  5:45  Spine Crawler, Hydralisk x2  
  83  5:51  Hydralisk, Zergling x2  
  83  5:52  Zergling x4  
  88  5:59  Hydralisk  
  88  6:00  Zergling x10  
  74  6:22  Drone x8  
  67  6:34  Drone x3  
  67  6:36  Queen  
  67  6:37  Queen  
  67  6:39  Hydralisk  
  70  6:42  Drone  
  70  6:46  Drone  
  73  6:54  Hydralisk x3  
  73  6:56  Lurker  
  73  6:58  Zerg Flyer Weapons Level 1  
  80  7:06  Mutalisk  
  82  7:09  Mutalisk, Queen  
  82  7:11  Drone x6  
  92  7:21  Hydralisk  
  92  7:22  Hydralisk x2  
  98  7:25  Hydralisk  
  98  7:26  Zergling x4  
  98  7:28  Queen  
  98  7:29  Queen  
  104  7:40  Hydralisk x4  
  112  7:46  Hydralisk x2  
  112  7:50  Overlord x2  
  116  7:54  Hydralisk  
  116  7:55  Hydralisk x2, Zergling x2  
  121  8:07  Hydralisk x4  
  121  8:08  Zergling x2  
  124  8:19  Hydralisk  
  112  8:20  Hydralisk x3  
  112  8:24  Hydralisk, Zergling x2  
  112  8:25  Zergling x12  
  119  8:32  Drone x6  
  125  8:34  Extractor  
  124  8:44  Muscular Augments  
  115  8:57  Hydralisk x4  
  115  8:58  Hydralisk x3  
  123  9:07  Hydralisk x4  
  131  9:15  Drone x5  
  136  9:19  Overlord x3, Extractor  
  136  9:24  Infestation Pit  
  134  9:28  Zerg Missile Weapons Level 2  
  134  9:31  Zerg Ground Armor Level 2  
  133  9:43  Drone x3  
  136  9:48  Lurker  
  136  9:49  Lurker x2  
  136  9:51  Drone x2  
  141  9:53  Zergling x8  
  141  9:59  Lurker x2  
  147  10:04  Hatchery  
  147  10:05  Hydralisk  
  147  10:06  Hydralisk x2  
  152  10:09  Zergling x12  
  158  10:15  Hydralisk  
  160  10:29  Hive  
  160  10:32  Overlord x3  
  160  10:33  Overlord x2  
  160  10:37  Spine Crawler  
  160  10:38  Spine Crawler  
  158  10:44  Hydralisk x2  
  141  11:07  Queen  
  141  11:09  Lurker x2  
  141  11:10  Lurker  
  146  11:12  Hydralisk  
  146  11:13  Hydralisk x13  
  174  11:26  Hydralisk  
  174  11:27  Hydralisk x5  
  186  11:40  Extractor  
  186  11:43  Hydralisk x5  
  186  11:44  Hydralisk, Extractor  
  175  12:01  Lurker  
  175  12:02  Lurker x3  
  176  12:14  Hydralisk x3  
  188  12:21  Ultralisk Cavern  
  188  12:22  Queen  
  183  12:29  Overseer x3  
  180  12:51  Hydralisk  
  180  12:52  Hydralisk x11  
  194  13:02  Overlord x2  
  194  13:15  Chitinous Plating  
  194  13:16  Ultralisk, Drone  
  189  13:20  Overlord  
  189  13:21  Overlord  
  173  13:34  Drone x3  
  173  13:35  Drone x12  
  173  13:40  Lurker x4  
  177  13:48  Spine Crawler  
  177  13:49  Spine Crawler  
  177  13:50  Spine Crawler  
  177  13:53  Drone x4  
  176  14:06  Ultralisk  
  182  14:15  Drone x2  
  184  14:18  Drone x3  
  184  14:24  Overseer  
  184  14:25  Overseer  
  184  14:27  Overseer  
  180  14:35  Drone x3  
  178  14:44  Drone x2  
  172  14:46  Drone x11  
  182  14:53  Overseer  
  171  15:13  Ultralisk x2  
  177  15:15  Drone  
  177  15:16  Drone x2  
  180  15:27  Ultralisk x2  
  184  15:39  Hydralisk x7  
  178  15:51  Hydralisk x5  
  178  15:55  Overseer  
  162  16:07  Hydralisk x4  
  120  16:23  Drone x2  
  122  16:33  Drone x2  
  122  16:34  Drone x2  
  134  16:40  Hatchery  

Tags
 
Add a new tag
Caveats
  • Supply blocks, unpowered buildings, or Contaminate may cause inaccurate times.
  • Supply counts are checked every 10 seconds.